Map: 2000 Atmospheres LE

Players

Dream

  • Race: Terran Terran

Solar - Winner!

  • Race: Zerg Zerg
  • League: Master

Event: TSL 8

VOD

Have the link to the VOD?

Description

Time

  • Played on: Nov. 27, 2021, 7:20 a.m.
  • Length: 15:51

All games in this series

Show
View Real Time Build Order
Export as new Build Order

Dream Terran 

Build Orders: Reaper Expand, Hellion Banshee 

Get SALT Encoding   

  12  0:00  SCV  
  13  0:12  SCV  
  14  0:17  Supply Depot  
  14  0:24  SCV  
  15  0:38  SCV  
  15  0:40  Barracks  
  16  0:42  Refinery  
  16  0:50  SCV  
  17  1:02  SCV  
  18  1:16  SCV  
  19  1:27  Reaper  
  19  1:28  Orbital Command  
  20  1:38  Command Center  
  20  1:48  Supply Depot  
  20  1:54  SCV  
  21  2:00  Marine  
  22  2:05  Factory  
  22  2:08  SCV  
  23  2:19  Barracks Reactor  
  23  2:20  SCV  
  24  2:32  SCV  
  25  2:41  Command Center  
  25  2:44  SCV  
  25  2:51  Orbital Command  
  26  2:56  SCV  
  27  3:02  Starport  
  27  3:04  Refinery  
  27  3:08  SCV  
  28  3:14  Hellion  
  28  3:16  Hellion  
  28  3:17  SCV  
  33  3:21  SCV  
  33  3:22  Barracks Tech Lab  
  34  3:30  SCV  
  34  3:33  SCV  
  36  3:35  Hellion  
  36  3:37  Hellion  
  40  3:42  SCV  
  40  3:45  Banshee, SCV  
  40  3:47  Supply Depot  
  45  3:51  Marine  
  45  3:54  Orbital Command  
  46  3:57  SCV x2  
  48  4:04  Hellion  
  48  4:05  Hellion  
  48  4:09  SCV x2  
  54  4:10  Barracks Tech Lab  
  54  4:19  Orbital Command  
  54  4:21  SCV x2  
  54  4:22  Supply Depot  
  56  4:28  Banshee  
  59  4:35  SCV  
  59  4:36  SCV  
  59  4:37  Barracks  
  61  4:40  Stimpack, Barracks  
  61  4:45  Supply Depot  
  61  4:46  Factory Reactor  
  61  4:47  SCV  
  61  4:48  SCV  
  63  4:54  Engineering Bay  
  63  4:56  Refinery x2, Engineering Bay  
  63  4:57  SCV  
  63  4:59  SCV  
  65  5:01  SCV  
  65  5:06  Marine  
  67  5:09  SCV  
  67  5:11  SCV  
  67  5:13  Supply Depot, SCV  
  69  5:22  SCV  
  69  5:23  SCV  
  69  5:24  Marine  
  69  5:25  SCV, Starport Reactor  
  69  5:26  Terran Infantry Weapons Level 1  
  69  5:27  Terran Infantry Armor Level 1  
  71  5:30  Marine x2  
  71  5:34  SCV  
  74  5:35  SCV  
  74  5:37  SCV  
  74  5:38  Marine x2  
  74  5:40  Siege Tank  
  81  5:45  Supply Depot  
  81  5:46  SCV, Barracks  
  81  5:47  Barracks  
  81  5:49  SCV x2  
  84  5:51  Marine x2  
  84  5:52  Marine  
  87  5:57  Marine  
  87  5:58  SCV  
  87  5:59  Supply Depot  
  87  6:01  SCV x2  
  87  6:03  Marine  
  92  6:06  Supply Depot  
  92  6:08  Marine  
  92  6:09  Supply Depot  
  92  6:10  SCV  
  94  6:18  Marine x3  
  94  6:20  Combat Shield  
  94  6:21  Medivac x2, Siege Tank  
  104  6:26  SCV  
  104  6:27  SCV  
  104  6:29  SCV, Refinery  
  104  6:30  Refinery  
  104  6:32  Marine  
  108  6:33  Supply Depot, Barracks Reactor  
  108  6:35  Barracks Reactor  
  108  6:36  Marine x3  
  111  6:44  Armory  
  111  6:46  Marine  
  112  6:54  Medivac, Siege Tank  
  112  6:58  Supply Depot  
  117  7:07  Command Center  
  117  7:08  SCV x3  
  120  7:09  Marine x4  
  120  7:11  Marine x2  
  120  7:12  Marine x2  
  120  7:13  Marine  
  129  7:28  Siege Tank  
  134  7:32  Factory  
  134  7:33  Medivac x2  
  133  7:46  Supply Depot  
  133  7:47  Supply Depot  
  133  7:48  Supply Depot  
  133  7:49  Supply Depot  
  133  7:50  Supply Depot  
  133  7:51  Terran Infantry Weapons Level 2, Terran Infantry Armor Level 2, Sensor Tower  
  133  7:54  Marine  
  133  7:58  Marine x5  
  139  8:00  Marine x2  
  141  8:08  Supply Depot, Marine  
  141  8:09  Supply Depot  
  145  8:20  Siege Tank  
  145  8:24  Medivac x2, Marine  
  145  8:25  Marine x7  
  157  8:39  Marine  
  158  8:41  Factory Tech Lab  
  158  8:42  Marine  
  158  8:46  Marine x2  
  158  8:47  Marine x2  
  145  8:52  Marine  
  145  8:55  Marine x2  
  125  8:57  Liberator x2, Siege Tank, Marine  
  136  9:03  SCV x3  
  136  9:07  Planetary Fortress  
  136  9:08  Sensor Tower  
  139  9:15  SCV x3  
  139  9:17  Siege Tank  
  145  9:21  Marine x6  
  145  9:22  Marauder, Marine  
  154  9:27  SCV x2  
  154  9:28  SCV  
  154  9:29  Siege Tank  
  142  9:39  SCV x2, Marine x2  
  142  9:40  SCV  
  142  9:43  Marauder  
  149  9:49  Concussive Shells, Siege Tank  
  153  9:53  SCV, Barracks x2  
  153  9:55  Barracks  
  153  9:56  Refinery x2, Command Center  
  153  10:01  Siege Tank  
  153  10:06  Ghost Academy  
  156  10:08  Factory  
  156  10:12  Marine x3  
  156  10:13  Marauder, Marine x4  
  165  10:15  Marine  
  165  10:21  Siege Tank  
  157  10:28  Orbital Command  
  157  10:30  Marine x2  
  157  10:33  Siege Tank  
  162  10:36  Marine x5  
  162  10:40  Terran Infantry Weapons Level 3, Terran Infantry Armor Level 3  
  156  10:54  Siege Tank  
  152  10:59  Marauder, Missile Turret, Marine x6  
  152  11:00  Barracks Tech Lab x2, Sensor Tower  
  152  11:01  Barracks Tech Lab  
  152  11:03  Marine  
  161  11:04  Command Center  
  161  11:05  Siege Tank  
  161  11:07  SCV x3  
  161  11:08  SCV  
  168  11:18  Sensor Tower  
  168  11:21  SCV x2  
  168  11:22  SCV x2  
  168  11:24  Missile Turret  
  168  11:25  Factory Tech Lab  
  172  11:31  Siege Tank  
  175  11:33  SCV  
  175  11:34  SCV  
  175  11:35  Planetary Fortress  
  175  11:37  Siege Tank  
  175  11:51  Liberator x2  
  175  11:54  Marauder x2  
  163  11:55  Marine x2  
  163  11:56  Marauder, Marine x3  
  163  11:57  Marine  
  163  11:58  Marauder  
  135  12:12  Siege Tank x3  
  144  12:21  Marine  
  144  12:22  Ghost x3  
  147  12:23  Marine x4  
  147  12:24  Marine  
  156  12:30  Marauder, Marine  
  156  12:32  Marine  
  154  12:39  Marine  
  154  12:41  Marine x2  
  140  12:44  Siege Tank x2, Marine  
  140  12:50  Marine, Ghost  
  140  12:51  Marine x5, Ghost  
  141  12:57  Marine  
  127  12:59  Marine x2  
  127  13:02  Marine  
  121  13:07  Siege Tank  
  121  13:08  Marine x2  
  121  13:09  Marine x4  
  120  13:14  Marine  
  120  13:15  Orbital Command  
  120  13:16  Marine  
  120  13:17  Marine  
  120  13:19  SCV x4, Marine x2  
  118  13:20  Marine  
  118  13:24  Sensor Tower  
  118  13:26  Missile Turret, Ghost, Marine x4  
  122  13:27  Marine  
  122  13:28  Siege Tank  
  122  13:31  SCV x3  
  122  13:32  Marine  
  132  13:34  Marine  
  132  13:35  Marine  
  132  13:37  Marine  
  134  13:42  Marine x2  
  134  13:44  Marine  
  133  13:50  Orbital Command  
  130  13:55  Missile Turret, SCV  
  130  13:56  SCV  
  130  14:02  Marine x3  
  109  14:03  Marine  
  109  14:07  Marine  
  107  14:12  Marine x2  
  109  14:18  SCV x3  
  109  14:20  SCV  
  109  14:22  Marine  
  114  14:25  Marine  
  114  14:27  Marine  
  114  14:29  SCV  
  117  14:32  Orbital Command  
  117  14:36  SCV x2  
  117  14:37  SCV  
  121  14:40  Marine x2  
  105  14:46  Ghost  
  105  14:47  Marine  
  105  14:48  Marine  
  103  14:59  Ghost  
  103  15:05  Marine  
  98  15:09  Marine x2  
  100  15:17  Ghost  
  100  15:18  Marine  
  102  15:25  Marine x4  
  101  15:29  Marine  
  101  15:30  Marine  
  101  15:33  Marine  
Show
View Real Time Build Order
Export as new Build Order

Solar Zerg - Winner!

Build Orders: Hatch First, Lurkers 

Get SALT Encoding   

  12  0:00  Drone  
  13  0:12  Overlord  
  13  0:17  Drone  
  14  0:31  Drone  
  14  0:32  Drone  
  16  0:48  Hatchery  
  15  0:52  Drone  
  15  0:55  Drone  
  17  0:58  Drone  
  18  1:09  Extractor  
  17  1:13  Spawning Pool  
  17  1:16  Drone  
  17  1:19  Drone  
  18  1:28  Drone  
  19  1:40  Drone  
  20  1:50  Drone  
  21  1:59  Queen x2  
  21  2:00  Zergling x4  
  27  2:11  Overlord  
  27  2:12  Drone  
  28  2:21  Hatchery  
  27  2:23  Drone  
  29  2:30  Drone  
  29  2:32  Drone  
  29  2:36  Queen  
  32  2:42  Metabolic Boost  
  32  2:47  Overlord  
  32  2:50  Drone  
  34  2:51  Drone  
  34  2:55  Drone  
  34  2:56  Drone  
  36  3:06  Drone x2  
  36  3:08  Drone x3  
  36  3:12  Queen  
  43  3:19  Overlord  
  43  3:20  Drone  
  44  3:28  Overlord  
  44  3:32  Queen  
  46  3:34  Drone x2  
  46  3:41  Drone x2, Zergling x2  
  50  3:42  Drone x2  
  50  3:47  Drone x3  
  50  3:48  Drone  
  57  3:55  Drone x3  
  60  4:02  Overlord  
  60  4:03  Zergling x2  
  60  4:05  Drone  
  60  4:08  Queen  
  64  4:14  Overlord  
  64  4:15  Drone  
  64  4:16  Drone  
  66  4:19  Overlord  
  66  4:20  Queen, Overlord  
  66  4:23  Zergling x2  
  69  4:24  Drone x2  
  69  4:27  Overlord  
  69  4:29  Lair  
  71  4:36  Baneling Nest  
  71  4:37  Drone  
  71  4:38  Zergling x2  
  72  4:39  Drone  
  72  4:42  Drone x3, Extractor  
  72  4:43  Drone x3, Extractor  
  77  4:47  Overlord  
  77  4:48  Zergling x2  
  77  4:51  Spore Crawler  
  77  4:52  Spore Crawler  
  76  4:53  Zergling x2  
  76  4:57  Zergling x8  
  76  4:59  Spore Crawler  
  80  5:02  Drone, Extractor x2  
  80  5:03  Drone  
  80  5:05  Evolution Chamber  
  80  5:06  Evolution Chamber  
  78  5:08  Drone  
  78  5:12  Drone  
  80  5:14  Drone  
  80  5:15  Drone x5  
  80  5:20  Drone  
  86  5:23  Drone  
  86  5:27  Overlord  
  85  5:30  Overseer  
  85  5:31  Drone x4  
  85  5:32  Centrifugal Hooks  
  88  5:39  Drone  
  88  5:40  Spore Crawler  
  88  5:41  Zerg Ground Armor Level 1  
  88  5:44  Overlord  
  88  5:45  Drone, Hatchery  
  88  5:46  Zerg Melee Weapons Level 1  
  88  5:48  Drone x2  
  90  5:53  Zergling x2  
  91  5:57  Zergling x8  
  91  5:59  Overlord  
  91  6:00  Zergling x6  
  97  6:04  Overlord  
  97  6:05  Drone x2  
  97  6:10  Drone x2  
  100  6:12  Drone  
  100  6:20  Zergling x2  
  100  6:21  Overseer  
  100  6:23  Baneling x11  
  100  6:24  Baneling  
  101  6:25  Zergling x2  
  101  6:26  Zergling x2  
  101  6:31  Drone x2  
  101  6:32  Zergling x12  
  111  6:37  Overlord  
  111  6:44  Zergling x4  
  112  6:48  Pneumatized Carapace  
  112  6:52  Zergling x2  
  112  6:53  Zergling x8  
  117  6:54  Baneling  
  117  6:55  Drone, Baneling  
  117  6:56  Queen  
  117  6:58  Drone  
  121  7:02  Zergling x12  
  121  7:05  Drone  
  121  7:08  Overlord  
  128  7:10  Drone  
  128  7:15  Zergling x2  
  129  7:17  Baneling x2  
  129  7:18  Drone  
  129  7:20  Zergling x4  
  129  7:22  Overlord  
  132  7:23  Zergling x4  
  132  7:29  Zergling x12  
  140  7:30  Drone  
  140  7:36  Drone x3  
  140  7:40  Hatchery  
  140  7:41  Hatchery, Zerg Melee Weapons Level 2, Spore Crawler, Zerg Ground Armor Level 2  
  137  7:45  Zergling x2  
  137  7:46  Zergling x4  
  137  7:47  Overlord  
  137  7:48  Infestation Pit, Extractor  
  137  7:51  Drone x5  
  143  7:54  Zergling x2  
  142  7:58  Zergling x8  
  142  8:01  Overlord  
  142  8:04  Baneling  
  142  8:05  Baneling x11  
  145  8:12  Zergling x18  
  154  8:15  Extractor, Overlord  
  154  8:17  Hatchery, Zergling x4  
  154  8:21  Zergling x2  
  154  8:22  Zergling x4  
  154  8:24  Baneling x2  
  154  8:25  Zergling x2  
  158  8:27  Hive  
  158  8:30  Zergling x6  
  161  8:34  Zergling x2  
  161  8:36  Baneling x7  
  161  8:37  Baneling x7  
  161  8:38  Zergling x4  
  161  8:41  Zergling x14  
  157  8:49  Zergling x10  
  157  8:53  Zergling x8  
  138  8:59  Hydralisk Den, Zergling x6  
  140  9:03  Drone x2  
  140  9:05  Drone  
  140  9:08  Drone x2  
  145  9:11  Drone  
  145  9:13  Drone x3  
  145  9:14  Drone  
  150  9:21  Baneling  
  150  9:22  Baneling x5  
  150  9:26  Zergling x14  
  150  9:27  Zergling x12  
  150  9:28  Drone x2  
  150  9:29  Zergling x6  
  162  9:34  Zergling x2  
  146  9:38  Zergling x2  
  146  9:39  Zergling x10  
  146  9:42  Hydralisk x2  
  146  9:43  Hydralisk x2  
  146  9:44  Grooved Spines, Adrenal Glands, Lurker Den  
  146  9:45  Viper x2  
  158  9:47  Baneling x3  
  158  9:48  Baneling x2  
  158  9:50  Drone x3  
  166  9:54  Zergling x4  
  166  9:55  Zergling x8  
  166  9:56  Zergling x4  
  166  9:57  Zerg Missile Weapons Level 1  
  166  9:59  Zerg Ground Armor Level 3, Zergling x4  
  176  10:00  Zergling x2  
  176  10:01  Zergling x2  
  176  10:02  Extractor  
  176  10:03  Drone  
  176  10:07  Drone x2  
  180  10:11  Zergling x18  
  189  10:14  Baneling  
  189  10:15  Baneling x9  
  189  10:20  Zergling x12  
  189  10:26  Zergling x14  
  196  10:37  Spore Crawler  
  196  10:39  Spore Crawler  
  196  10:42  Zergling x10  
  185  10:51  Zergling x26  
  185  10:52  Zergling x4  
  185  10:54  Baneling x8  
  185  10:55  Baneling x13, Seismic Spines  
  198  11:06  Drone x2  
  200  11:14  Baneling x6  
  200  11:15  Baneling x3  
  200  11:19  Hatchery  
  199  11:28  Zergling x6  
  192  11:51  Hydralisk x3  
  192  11:52  Hydralisk, Zergling x8  
  192  11:53  Adaptive Talons, Zergling x32  
  188  11:58  Zergling x20  
  166  12:02  Zergling x16  
  166  12:06  Hydralisk x2  
  166  12:07  Zergling x8  
  179  12:14  Lurker x4  
  179  12:15  Baneling x9  
  183  12:16  Baneling x5  
  183  12:18  Zergling x16  
  183  12:21  Zerg Missile Weapons Level 2  
  191  12:24  Hydralisk x3  
  191  12:26  Baneling x4, Lurker  
  191  12:27  Lurker x2  
  191  12:29  Zergling x6  
  199  12:36  Zergling x10  
  199  12:37  Zergling x14  
  189  12:38  Zergling x12  
  189  12:43  Zergling x2  
  186  12:47  Hydralisk x4  
  190  12:54  Hydralisk x3  
  182  12:59  Hydralisk x8  
  182  13:02  Hydralisk x2  
  182  13:03  Zergling x4  
  184  13:06  Zergling x4  
  184  13:11  Zergling x8  
  180  13:14  Zergling x2  
  180  13:19  Hydralisk x7  
  190  13:22  Zergling x4  
  187  13:28  Baneling x8, Zergling x6  
  187  13:32  Muscular Augments  
  187  13:33  Zergling x10  
  195  13:36  Zergling x2  
  195  13:39  Zergling x4  
  192  13:43  Zergling x10  
  192  13:46  Zergling x14  
  199  13:49  Baneling x11  
  198  13:58  Zergling x6  
  198  13:59  Zergling x2  
  191  14:03  Zergling x6  
  191  14:04  Zergling x22  
  191  14:05  Zergling x2  
  194  14:11  Zergling x4  
  194  14:13  Lurker x6  
  198  14:17  Baneling x4  
  198  14:20  Drone x2  
  200  14:30  Baneling x7  
  198  14:39  Zergling x8, Hatchery  
  198  14:40  Zergling x4  
  198  14:43  Zergling x34  
  193  14:46  Zergling x16  
  193  14:49  Hydralisk x2  
  193  14:51  Hydralisk x2  
  178  14:54  Hydralisk x3  
  178  14:55  Overseer  
  178  14:56  Zergling x4  
  178  14:59  Zergling x2  
  187  15:05  Lurker  
  187  15:06  Baneling  
  187  15:07  Baneling x4  
  188  15:09  Zergling x14  
  188  15:10  Zergling x4  
  188  15:11  Zergling x2  
  188  15:13  Zergling x2  
  199  15:15  Zergling x2  
  199  15:18  Baneling x18  
  197  15:23  Zergling x6  
  193  15:31  Zergling x10  
  193  15:33  Zergling x2  
  193  15:34  Zergling x20  
Tags
 
Add a new tag
Caveats
  • Supply blocks, unpowered buildings, or Contaminate may cause inaccurate times.
  • Supply counts are checked every 10 seconds.